 Dungeon Crawl Stone Soup version 0.20-a0-854-g0cc194a (webtiles) character file.

1000 Alarkh the Slasher (level 8, 61/61 HPs)
             Began as a Demonspawn Fighter on Mar 11, 2017.
             Quit the game on level 4 of the Dungeon.
             The game lasted 00:06:57 (4685 turns).

Alarkh the Slasher (Demonspawn Fighter)             Turns: 4685, Time: 00:06:57

Health: 61/61      AC: 10    Str: 16    XL:     8   Next: 0%
Magic:  8/8        EV:  9    Int: 11    God:
Gold:   221        SH: 13    Dex: 14    Spells: 7/7 levels left

rFire    . . .     SeeInvis .   a - +1 long sword
rCold    . . .     Gourm    .   A - +2 robe
rNeg     . . .     Faith    .   x - +0 large shield
rPois    .         Spirit   +   u - +0 helmet
rElec    .         Reflect  .   (no cloak)
rCorr    .         Harm     .   r - +2 pair of gloves
MR       .....                  (no boots)
Stlth    ++++......             (no amulet)
Regen    0.2/turn               (no ring)
MPRegen  0.2/turn               p - ring of flight

@: no status effects
A: talons 1, iridescent scales 1, nightstalker 3, magic shield
a: Evoke Flight


You were on level 4 of the Dungeon.
You were not hungry.

You visited 1 branch of the dungeon, and saw 4 of its levels.

You collected 221 gold pieces.

Inventory:

Hand Weapons
 a - a +1 long sword (weapon)
Armour
 b - a +0 scale mail
 c - a +0 shield
 j - a +0 leather armour of cold resistance
 r - a +2 pair of gloves (worn)
 u - a +0 helmet (worn)
 x - a +0 large shield (worn)
 y - a +0 robe
 A - a +2 robe (worn)
Jewellery
 p - a ring of flight (left hand)
 z - a cursed ring of loudness {unknown}
Scrolls
 d - 2 scrolls of amnesia {unknown}
 e - a scroll of identify
 g - 2 scrolls of magic mapping
 h - a scroll of recharging
 k - a scroll of teleportation
 l - a scroll of random uselessness {unknown}
 m - a scroll of blinking {unknown}
 n - 2 scrolls of remove curse
Potions
 i - a potion of heal wounds
 s - 4 potions of curing
 t - a potion of haste
 v - a potion of brilliance
Books
 w - a book of Cantrips

   Spells                             Type                      Level
   a - Confusing Touch                Hexes                        1
   b - Animate Skeleton               Necromancy                   1
   c - Summon Small Mammal            Summoning                    1
   d - Apportation                    Translocation                1
Comestibles
 f - 3 bread rations
 o - 3 royal jellies
 B - 2 chunks of flesh


   Skills:
 + Level 4.6 Fighting
 * Level 5.3 Long Blades
 + Level 4.0 Armour
 + Level 3.3 Dodging
 + Level 4.2 Shields


You had 7 spell levels left.
You didn't know any spells.

Dungeon Overview and Level Annotations

Branches:
Dungeon (4/15)
 Temple: D:4-7

Altars:
Hepliaklqana
Kikubaaqudgha
The Shining One


Innate Abilities, Weirdness & Mutations

You have sharp toenails.
You are partially covered in iridescent scales. (AC +2)
You are completely attuned to the shadows.
When hurt, damage is shared between your health and your magic reserves.


Message History

The ogre is severely wounded.
The ogre completely misses you.
You riposte.
You slash the ogre!
You kill the ogre!
You have reached level 8!
You feel agile.
Your demonic ancestry asserts itself...
You feel your magical essence form a protective shroud around your flesh.
No target in view!
Things that are here:
a ring mail; a hand axe; an orc skeleton Done exploring.
Done exploring.
Done exploring.
(D) Dungeon
Where to? (Enter - D:4, ? - help)
Things that are here:
a ring mail; a hand axe; an orc skeleton You feel a little less agile now.
Unknown command.
Unknown command.
Are you sure you want to abandon this character and quit the game? (Confirm with "yes".)

#####..................#.
####............#.......
#.......................
##......>..........).....
#.[......####....#.).....
#.....................).#
#....#.......##.#####)...
#....................####
#.......@................
#.........##..#.###..#...
####....#.##..#..........
#.#....##.........#...
#.#.#####........#....
###.#...........##..####
#.#.............##..(...
###.#.##..........##......
#.................##......


There were no monsters in sight!

Vanquished Creatures
  Pikel (D:4)
  A phantom (D:4)
  An ogre (D:4)
  A scorpion (D:4)
  A centaur skeleton (D:4)
  3 orc priests
  2 orc wizards
  8 adders
  2 oozes (D:2)
  An adder skeleton (D:4)
  A worm (D:3)
  2 dart slugs
  2 leopard geckos
  10 orcs
  2 ball pythons
  3 giant cockroaches
  11 goblins
  8 hobgoblins
  8 jackals
  6 kobolds
  A quokka (D:3)
  6 bats
  9 frilled lizards
  3 rats
93 creatures vanquished.

Vanquished Creatures (others)
  A slave (D:4)
  An adder skeleton (D:4)
  A leopard gecko (D:4)
  An orc (D:4)
4 creatures vanquished.

Grand Total: 97 creatures vanquished

Notes
Turn   | Place    | Note
-------+----------+-------------------------------------------
     0 | D:1      | Alarkh the Demonspawn Fighter began the quest for the Orb.
     0 | D:1      | Reached XP level 1. HP: 18/18 MP: 1/1
    22 | D:2      | Reached skill level 2 in Long Blades
   153 | D:1      | Gained mutation: You are slightly more attuned to the shadows. [demonic ancestry]
   153 | D:1      | Reached XP level 2. HP: 20/24 MP: 2/2
   813 | D:1      | Gained mutation: You are partially covered in iridescent scales. (AC +2) [demonic ancestry]
   813 | D:1      | Reached XP level 3. HP: 29/29 MP: 3/3
   991 | D:2      | Reached skill level 1 in Dodging
  1449 | D:2      | Gained mutation: You have sharp toenails. [demonic ancestry]
  1449 | D:2      | Reached XP level 4. HP: 35/35 MP: 4/4
  1645 | D:3      | Reached skill level 3 in Long Blades
  1976 | D:3      | Gained mutation: You are significantly more attuned to the shadows. [demonic ancestry]
  1976 | D:3      | Reached XP level 5. HP: 34/41 MP: 5/5
  2391 | D:3      | Found an ancient bone altar of Kikubaaqudgha.
  3192 | D:4      | Noticed a phantom
  3244 | D:4      | Killed a phantom
  3244 | D:4      | Reached XP level 6. HP: 7/48 MP: 6/6
  3583 | D:4      | Noticed a slave
  3584 | D:4      | Noticed Pikel
  3584 | D:4      | Noticed a slave
  3584 | D:4      | Noticed a slave
  3620 | D:4      | Noticed a slave
  3665 | D:4      | Killed Pikel
  3665 | D:4      | Reached skill level 4 in Long Blades
  3665 | D:4      | Gained mutation: You are completely attuned to the shadows. [demonic ancestry]
  3665 | D:4      | Reached XP level 7. HP: 31/55 MP: 7/7
  3955 | D:4      | Found a hazy altar of Hepliaklqana.
  4096 | D:4      | Reached skill level 5 in Long Blades
  4285 | D:4      | Found a glowing golden altar of the Shining One.
  4630 | D:4      | Gained mutation: When hurt, damage is shared between your health and your magic reserves. [demonic ancestry]
  4630 | D:4      | Reached XP level 8. HP: 61/61 MP: 8/8
  4685 | D:4      | Quit the game

Vault maps used:
D:1:      dpeg_arrival_line_fractal, st_stairs_8, minmay_tetromino_l4
D:2:      minmay_small_reverse_x
D:3:      kiku_gazebo_pond_becter, first_bread, minmay_misc_feat_columns,
          st_stairs_12, minmay_misc_feat_roman
D:4:      lemuel_doored_altar, lemuel_coloured_pillars_altar, uniq_pikel

Skill      XL: |  1  2  3  4  5  6  7 |
---------------+----------------------+-----
Long Blades    | 2 3 4 5 |  5.3
Shields        | 3 4 |  4.2
Dodging        | 1 2 3 |  3.3
Armour         | 3 4 |  4.0
Fighting       | 4 |  4.6

Action                   |  1- 3 |  4- 6 |  7- 9 || total
-------------------------+-------+-------+-------++-------
Melee: Long sword        |   114 |   237 |    55 ||   406
       Kick              |       |    53 |    12 ||    65
  Use: Potion            |       |     4 |     2 ||     6
       Scroll            |       |    11 |       ||    11
 Stab: Sleeping          |     4 |     9 |     1 ||    14
  Eat: Chunk             |     2 |     6 |     5 ||    13
Armor: Scale mail        |    12 |       |       ||    12
       Leather armour    |    26 |    96 |       ||   122
       Robe              |       |       |    17 ||    17
Dodge: Dodged            |    46 |    79 |    13 ||   138
Block: Shield            |    58 |    31 |       ||    89
       Large shield      |       |   155 |    34 ||   189
       Rpst.: Long sword |    17 |    27 |     3 ||    47
